 Dungeon Crawl Stone Soup version 0.30-a0-618-gd6c86c23d0 (webtiles) character file.

Game seed: 4766934924491210270

30 Leeroy the Sneak (level 3, 27/27 HPs)
             Began as a Merfolk Brigand on Jan 9, 2023.
             Was a Follower of Lugonu.
             Got out of the dungeon alive.
             The game lasted 00:01:16 (745 turns).

Leeroy the Sneak (Merfolk Brigand)                   Turns: 745, Time: 00:01:17

Health: 27/27      AC:  3    Str: 11    XL:     3   Next: 18%
Magic:  3/3        EV: 12    Int: 10    God:    Lugonu [*.....]
Gold:   25         SH:  0    Dex: 17    Spells: 2/2 levels left

rFire   . . .      SeeInvis .    a - +2 dagger
rCold   . . .      Faith    .    (no shield)
rNeg    . . .      Spirit   .    b - +0 robe
rPois   .          Reflect  .    (no helmet)
rElec   .          Harm     .    c - +0 cloak
rCorr   .          Rampage  .    (no gloves)
Will    .....                    (no boots)
Stlth   +++                      (no amulet)
HPRegen 0.24/turn                (no ring)
MPRegen 0.08/turn                (no ring)

@: no status effects
A: (nimble swimmer 2), mertail
a: Renounce Religion, Depart the Abyss


You escaped.
You worshipped Lugonu.
Lugonu was aware of your devotion.
You visited 1 branch of the dungeon, and saw 1 of its levels.

You collected 25 gold pieces.

Inventory:

Hand Weapons
 a - a +2 dagger (weapon)
Missiles
 d - 15 poisoned darts (quivered)
 e - 3 curare-tipped darts
Armour
 b - a +0 robe (worn)
 c - a +0 cloak (worn)
Scrolls
 f - 2 scrolls of immolation {unknown}
 g - a scroll of silence {unknown}
 h - a scroll of enchant armour {unknown}
 k - 2 scrolls of noise {unknown}
 m - 2 scrolls of amnesia {unknown}
 n - a scroll of identify {unknown}
Potions
 i - a potion of might {unknown}
 j - a potion of mutation {unknown}
 l - a potion of ambrosia {unknown}


   Skills:
 - Level 2.1 Fighting
 + Level 4.1 Short Blades
 - Level 2.0 Throwing
 - Level 1.5 Dodging
 - Level 4.4 Stealth


You had 2 spell levels left.
You didn't know any spells.
Your spell library contained the following spells:

 Spells                   Type           Power      Damage    Failure   Level
 Shock                    Conj/Air       0%         1d3       36%         1


Dungeon Overview and Level Annotations

Branches:
Dungeon (1/15)

Altars:
Lugonu


Innate Abilities, Weirdness & Mutations

((You are very nimble when in or above water. (Stealth+, EV+, Speed+++)))
Your lower body shifts to a powerful aquatic tail in water.


Message History

The dart slug bites you. The dart slug launches a dart at you.
The slug dart misses you. The dart slug barely misses you.
The dart slug barely misses you.
The dart slug bites you but does no damage.
The dart slug launches a dart at you. The slug dart hits you.
The dart slug launches a dart at you. The slug dart hits you.
The dart slug launches a dart at you. The slug dart hits you.
You hit the dart slug but do no damage. The dart slug misses you.
You hit the dart slug.
The dart slug is moderately wounded.
You hit the dart slug but do no damage.
The dart slug is moderately wounded.
The dart slug bites you but does no damage.
You hit the dart slug.
The dart slug is heavily wounded.
You hit the dart slug.
The dart slug is almost dead.
The dart slug closely misses you.
You hit the dart slug but do no damage.
The dart slug is almost dead.
The dart slug closely misses you.
You hit the dart slug.
The dart slug is almost dead.
You hit the dart slug.
You kill the dart slug!
Lugonu accepts your kill.
You see here a +0 mace.
You see here a +0 leather armour.
Found a dagger.
You see here a staff of earth.
Done exploring.
Done exploring.
There is a staircase leading out of the dungeon here.
Are you sure you want to leave the Dungeon?
This will make you lose the game!
You have escaped!

#.## #.# # ##.#
#.## #
#..###########.)#
#
#.###..^....###.#
#.##.........##.#
#.#.....8.....#.#
#....8..8..8....#
###...........###
##....@....##
##.......##
#########


There were no monsters in sight!

Vanquished Creatures
  A dart slug (D:1)
  2 ball pythons (D:1)
  A giant cockroach (D:1)
  2 goblins (D:1)
  3 hobgoblins (D:1)
  A quokka (D:1)
  8 bats (D:1)
  2 frilled lizards (D:1)
  3 kobolds (D:1)
  4 rats (D:1)
27 creatures vanquished.

Notes
Turn   | Place    | Note
-------+----------+-------------------------------------------
     0 | D:1      | Leeroy the Merfolk Brigand began the quest for the Orb.
     0 | D:1      | Reached XP level 1. HP: 16/16 MP: 1/1
    90 | D:1      | Reached XP level 2. HP: 18/22 MP: 2/2
   245 | D:1      | Found a faded altar of an unknown god.
   255 | D:1      | Got Plato's Handbook of Breath
   256 | D:1      | Prayed at the altar of an unknown god.
   256 | D:1      | Became a worshipper of Lugonu the Unformed
   256 | D:1      | Reached * piety under Lugonu
   389 | D:1      | Reached XP level 3. HP: 26/27 MP: 3/3
   745 | D:$      | Got out of the dungeon alive.

Illustrated notes

Levels and vault maps discovered:
D:1:      dreamdust_arrival_beginning_and_end, layout_basic,
          shapermc_ecumenical_altar_rom_forum, minivault_19,
          chequers_decorated_corner

Skill      XL: |  1  2  3 |
---------------+----------+-----
Short Blades   | 3 4 |  4.1
Fighting       | |  2.1
Throwing       | |  2.0
Dodging        | |  1.5
Stealth        | |  4.4

Action                   || total
-------------------------++-------
Melee: Dagger            ||    75
       Punch             ||     1
 Stab: Sleeping          ||     8
Armor: Robe              ||    33
Dodge: Dodged            ||    69

Table legend: (Time is in decaauts)
 A = Elapsed time spent in this place.
 B = Non-inter-level travel time spent in this place.
 C = Inter-level travel time spent in this place.
 D = Time resting spent in this place.
 E = Time spent auto-exploring this place.
 F = Levels seen in this place.
 G = Mean time per level.
                   A        B        C        D        E       F      G
               +--------+--------+--------+--------+--------+-----+--------+
         Total |    731 |    692 |     39 |      0 |    492 |   1 |  731.0 |
       Dungeon |    731 |    692 |     39 |      0 |    492 |   1 |  731.0 |
               +--------+--------+--------+--------+--------+-----+--------+

Top non-repeatable levels by time:
     D:1: 731 daAuts
